 Dungeon Crawl Stone Soup version 0.28.0-47-ge53b351184 (webtiles) character file.

Game seed: 16202015288924066682

36 CryoSword the Vexing (level 3, -3/25 HPs)
             Began as a Vampire Enchanter on May 8, 2022.
             Was an Initiate of Ru.
             Slain by Grinder (6 damage)
             ... on level 3 of the Dungeon.
             The game lasted 00:03:37 (1340 turns).

CryoSword the Vexing (Vampire Enchanter)            Turns: 1340, Time: 00:03:38

Health: -3/25      AC:  2    Str:  9    XL:     3   Next: 19%
Magic:  3/6        EV: 12    Int: 17    God:    Ru [......]
Gold:   101        SH:  0    Dex: 14    Spells: 1/6 levels left

rFire   . . .      SeeInvis +   a - +1 dagger
rCold   . . .      Faith    .   (no shield)
rNeg    . . .      Spirit   .   b - +0 robe
rPois   .          Reflect  .   (no helmet)
rElec   .          Harm     .   (no cloak)
rCorr   .          Rampage  .   (no gloves)
Will    .....                   (no boots)
Stlth   +++.......              (no amulet)
HPRegen 0.28/turn               (no ring)
MPRegen 0.10/turn               (no ring)

@: confusing by touch, healing quickly
A: alive, fangs 3, see invisible, vampiric 2
a: Exsanguinate, Renounce Religion


You were on level 3 of the Dungeon.
You worshipped Ru.
Ru was noncommittal.
You visited 1 branch of the dungeon, and saw 3 of its levels.

You collected 101 gold pieces.

Inventory:

Hand Weapons
 a - a +1 dagger (weapon)
Missiles
 h - a throwing net (quivered)
Armour
 b - a +0 robe (worn)
Scrolls
 f - 3 scrolls of magic mapping {unknown}
 g - a scroll of identify {unknown}
 i - a scroll of teleportation {unknown}
 j - a scroll of fear {unknown}
Potions
 c - a potion of invisibility
 d - a potion of heal wounds {unknown}
 e - 2 potions of lignification {unknown}


   Skills:
 + Level 0.3 Fighting
 * Level 2.3 Short Blades
 - Level 2.1 Dodging
 + Level 4.4 Stealth
 - Level 2.0 Spellcasting
 + Level 5.2 Hexes
 * Level 0.7 Ice Magic


You had one spell level left.
You knew the following spells:

 Your Spells              Type           Power      Damage    Failure   Level
a - Ensorcelled Hibernat  Hex/Ice        22%        N/A       9%          2
b - Confusing Touch       Hex            19%        N/A       7%          3

Your spell library contained the following spells:

 Spells                   Type           Power      Damage    Failure   Level
 Summon Small Mammal      Summ           4%         N/A       19%         1
 Tukima's Dance           Hex            19%        N/A       7%          3
 Dazzling Flash           Conj/Hex       20%        N/A       21%         3
 Summon Guardian Golem    Hex/Summ       10%        N/A       21%         3
 Call Canine Familiar     Summ           1%         N/A       50%         3
 Ignite Poison            Fire/Tmut/Pois 1%         N/A       50%         3
 Mephitic Cloud           Conj/Pois/Air  1%         N/A       50%         3
 Freezing Cloud           Conj/Ice/Air   1%         6-21      99%         5


Dungeon Overview and Level Annotations

Branches:
Dungeon (3/15)

Altars:
Ru

Annotations:
D:3 Grinder


Innate Abilities, Weirdness & Mutations

Your natural rate of healing is accelerated.
You have razor-sharp teeth.
You have supernaturally acute eyesight. (SInv)
You are afflicted with vampirism and can become a bat while bloodless.


Message History

An endoplasm is nearby!
An endoplasm is nearby!
The helpless endoplasm fails to defend itself.
You impale the endoplasm!!
You kill the endoplasm!
Could not explore, unopened door.
Could not explore, unopened door.
You open the door.
A ball python comes into view.
A ball python is nearby!
A ball python is nearby!
A ball python is nearby!
There is an open door here.
The helpless ball python fails to defend itself.
You impale the ball python!!
You kill the ball python!
No target in view!
There is an open door here.
Found a dagger.
You now have 59 gold pieces (gained 9).
You now have 70 gold pieces (gained 11).
You now have 79 gold pieces (gained 9).
Found a stone staircase leading up.
A bat comes into view.
A bat is nearby!
A bat is nearby!
A ball python comes into view.
The bat hits you but does no damage.
You hit the bat. Your bite misses the bat. The bat hits you but does no damage.
You barely miss the bat. Your bite misses the bat. The bat hits you.
The bat hits you but does no damage.
You barely miss the bat. The bat barely misses you. The bat misses you.
The bat hits you but does no damage.
You hit the bat. The bat hits you.
You hit the bat.
You kill the bat!
No target in view!
No target in view!
No target in view!
No target in view!
No target in view!
No target in view!
No target in view!
You see here a bat corpse.
A ball python is nearby!
A ball python is nearby!
The ball python hisses angrily.
You hit the ball python.
The ball python bites you but does no damage.
The ball python misses you.
You completely miss the ball python. Your bite misses the ball python.
The ball python misses you. The ball python grabs you.
The ball python constricts you.
You hit the ball python but do no damage.
The ball python barely misses you. The ball python constricts you.
You completely miss the ball python. The ball python bites you.
The ball python constricts you.
You hit the ball python.
You kill the ball python!
No target in view!
You see here a ball python corpse.
You see here a +0 dagger.
A rat comes into view.
A rat is nearby!
A rat is nearby!
A rat is nearby!
The helpless rat fails to defend itself.
You impale the rat!!
You kill the rat!
Could not explore, unopened door.
Could not explore, unopened door.
As you open the door, it creaks loudly!
There is an open door here.
There is a fountain of clear blue water here.
Could not explore, unopened door.
You open the door.
There is an open door here.
There is a fountain of clear blue water here.
There is an open door here.
Found a stone staircase leading down.
A kobold comes into view. It is wielding a +0 dagger.
There is a stone staircase leading up here.
You strike the helpless kobold from behind!
You puncture the kobold!
You kill the kobold!
No target in view!
No target in view!
Things that are here:
a +0 dagger; 9 stones; a kobold corpse
Found a stone staircase leading down.
Done exploring.
Done exploring.
Done exploring.
There is a stone staircase leading down here.
You climb downwards.
There is a stone staircase leading up here.
There is a stone staircase leading up here.
Found a sacrificial altar of Ru.
You pick up a book of Callings and begin reading...
You add the spells Summon Small Mammal, Call Canine Familiar and Summon Guardian Golem to your library.
Found an escape hatch in the ceiling.
No target in view!
f - 3 scrolls labelled IBREGARGH APEUP (gained 1)
h - a throwing net
Found an escape hatch in the floor.
You hit the plant.
The plant begins to die.
You bite the plant. You hit the plant but do no damage. You hit the plant.
You hit the plant.
A nearby plant withers and dies.
There is a sacrificial altar of Ru here.
You kneel at the altar of Ru.
Ru welcomes you!
You now have 92 gold pieces (gained 13).
There is an escape hatch in the floor here.
You pick up a Trismegistus Codex and begin reading...
You add the spells Ignite Poison, Mephitic Cloud and Freezing Cloud to your library.
i - a scroll labelled USIZEX DYUSY No target in view!
You now have 101 gold pieces (gained 9).
j - a scroll labelled PICVUS SIUCIC Grinder comes into view.
Grinder gestures at you.
You suddenly lose the ability to move!
Grinder blinks!
You can move again.
Unknown command.
Here: Grinder The floor.
Here: Grinder The floor.
Okay, then.
Unknown command.
Okay, then.
Here: Grinder The floor.
The spell is quite dangerous to miscast (7% risk of failure)!
Continue anyway?
Your hands begin to glow red.
Grinder gestures at you. You resist with significant effort.
You hit Grinder but do no damage. Grinder hits you.
You writhe in agony.
You barely miss Grinder. Grinder hits you!
* * * LOW HITPOINT WARNING * * *
You writhe in agony.
* * * LOW HITPOINT WARNING * * *
You barely miss Grinder. Your bite misses Grinder. Grinder hits you!
* * * LOW HITPOINT WARNING * * *
You writhe in agony.
You die...

### #.. ### #.# #####.##
#.# ##....#.####### #.#
..............# #.#
##.###.######.#####.#####
#.# #..........@5......#
#.# ##################.#
#.# #.# #.# #.# #.# ..#
#.####### .## #.......#
#. #######.# #5 .# #.# ..


You could see Grinder.

Vanquished Creatures
  A bat (D:2)
  4 endoplasms
  4 goblins
  4 hobgoblins
  4 jackals (D:1)
  3 kobolds
  A quokka (D:1)
  5 ball pythons
  3 frilled lizards
  4 rats
33 creatures vanquished.

Vanquished Creatures (others)
  A plant (D:3)
1 creature vanquished.

Grand Total: 34 creatures vanquished

Notes
Turn   | Place    | Note
-------+----------+-------------------------------------------
     0 | D:1      | CryoSword the Vampire Enchanter began the quest for the
                  | Orb.
     0 | D:1      | Reached XP level 1. HP: 13/13 MP: 3/3
   123 | D:1      | Reached XP level 2. HP: 10/19 MP: 5/5
   169 | D:1      | Learned a level 2 spell: Ensorcelled Hibernation
   198 | D:1      | Reached skill level 5 in Hexes
   685 | D:2      | Gained mutation: You are afflicted with vampirism and can
                  | become a bat while bloodless. [Vampire growth]
   685 | D:2      | Reached XP level 3. HP: 24/24 MP: 6/6
   689 | D:2      | Learned a level 3 spell: Confusing Touch
  1175 | D:3      | Found a sacrificial altar of Ru.
  1245 | D:3      | Became a worshipper of Ru the Awakened
  1325 | D:3      | Noticed Grinder
  1332 | D:3      | Paralysed by Grinder for 3 turns
  1340 | D:3      | Slain by Grinder

Illustrated notes

Levels and vault maps discovered:
D:1:      lemuel_arrival_cross, layout_rooms, st_stairs_2
D:2:      layout_basic, dk_noncrumbling_4, minmay_fountain_box
D:3:      layout_loops_ring, nicolae_ru_the_path_less_chosen,
          amcnicky_mini_pool_small, uniq_grinder, uniq_jessica

Skill      XL: |  1  2 |
---------------+-------+-----
Hexes          | 5 |  5.2
Short Blades   | 2 |  2.3
Fighting       | |  0.3
Dodging        | |  2.1
Stealth        | |  4.4
Spellcasting   | |  2.0
Ice Magic      | |  0.7

Action                   || total
-------------------------++-------
Melee: Dagger            ||   113
       Punch             ||     3
       Bite              ||     8
 Cast: Ensorcelled Hiber ||     4
       Confusing Touch   ||     1
 Stab: Sleeping          ||     9
       Distracted        ||     1
Armor: Robe              ||    18
Dodge: Dodged            ||    66
